 Dungeon Crawl Stone Soup version 0.30-a0-847-g17996783a1 (webtiles) character file.

Game seed: 10796443202626368829

942 dolemite99 the Basher (level 8, -1/69 HPs)
             Began as a Gargoyle Fighter on Mar 4, 2023.
             Slain by a gnoll
             ... wielding a +0 spear
              (6 damage)
             ... on level 5 of the Dungeon.
             The game lasted 00:06:17 (4765 turns).

dolemite99 the Basher (Gargoyle Fighter)            Turns: 4765, Time: 00:06:17

Health: -1/69      AC: 24    Str: 28    XL:     8   Next: 12%
Magic:  8/8        EV:  2    Int:  9    God:
Gold:   252        SH:  4    Dex:  9    Spells: 7/7 levels left

rFire   + . .      SeeInvis +    a - +0 morningstar
rCold   + . .      Faith    .    c - +0 buckler
rNeg    + . .      Spirit   .    t - melded +0 chain mail
rPois   ∞          Reflect  .    (helmet currently unavailable)
rElec   +          Rampage  .    (cloak currently unavailable)
rCorr   +          NoTele   +    (gloves currently unavailable)
Will    .....                    (boots currently unavailable)
Stlth   +                        (no amulet)
HPRegen 0.31/turn                m - ring of see invisible
MPRegen 0.11/turn                s - +6 ring of strength

@: mighty, brilliant, tree-form, resistant, invisible
A: stationary, stasis, torment immunity, boosted hp, sickness immunity, AC +5,
negative energy resistance 1, (electricity resistance), torment resistance 1,
petrification resistance
a: no special abilities


You were on level 5 of the Dungeon.
You were a tree.
You visited 1 branch of the dungeon, and saw 5 of its levels.

You collected 252 gold pieces.

Inventory:

Hand Weapons
 a - a +0 morningstar (weapon)
 b - a +3 war axe of freezing
 q - a +0 flail
 u - a +0 heavy flail
Missiles
 x - 5 javelins (quivered)
Armour
 c - a +0 buckler (worn)
 t - a +0 chain mail (melded)
 A - a +0 scale mail
 E - a scarf of harm
Jewellery
 g - an amulet of the acrobat
 m - a ring of see invisible (left branch)
 n - a +6 ring of strength
 s - a +6 ring of strength (right branch)
 y - an amulet of guardian spirit
Scrolls
 d - a scroll of immolation {unknown}
 e - 4 scrolls of identify {unknown}
 h - a scroll of enchant weapon {unknown}
 k - a scroll of brand weapon {unknown}
 l - 2 scrolls of blinking
 o - a scroll of fog {unknown}
 p - a scroll of poison {unknown}
 r - a scroll of magic mapping {unknown}
 v - a scroll of summoning {unknown}
 w - 2 scrolls of amnesia
 B - a scroll of noise {unknown}
 F - a scroll of teleportation {unknown}
Potions
 f - 2 potions of ambrosia
 G - a potion of invisibility


   Skills:
 - Level 3.2 Fighting
 + Level 9.3 Maces & Flails
 - Level 3.2 Armour
 - Level 3.2 Shields


You had 7 spell levels left.
You didn't know any spells.
Your spell library contained the following spells:

 Spells                   Type           Power      Damage    Failure   Level
 Freeze                   Ice            0%         1d3       47%         1
 Ensorcelled Hibernation  Hex/Ice        0%         N/A       63%         2
 Frozen Ramparts          Ice            0%         1d1       85%         3
 Hailstorm                Conj/Ice       0%         3d3       85%         3
 Spider Form              Tmut/Pois      0%         N/A       85%         3
 Anguish                  Hex/Necr       0%         N/A       99%         4


Dungeon Overview and Level Annotations

Branches:
Dungeon (5/15)
 Temple: D:4-7

Altars:
Cheibriados
Elyvilon

Annotations:
D:5 Sigmund


Innate Abilities, Weirdness & Mutations

You are a tree.
Your roots penetrate the ground, keeping you stationary.
You cannot be teleported.
You are immune to unholy pain and torment.
Your maximum health is greatly increased.
Your equipment is partially melded.
You are immune to sickness and miasma.
((Your stone body is resilient. (AC +5)))
You are immune to poison.
You resist negative energy. (rN+)
((You are resistant to electric shocks. (rElec)))
You are resistant to unholy torment.
You are immune to petrification.


Message History

The shadow imp hits you but does no damage.
The gnoll hits you from afar with a +0 halberd.
The gnoll hits you from afar with a +0 spear.
The shadow imp gestures at you. Pain shoots through your body!
You bump into the rock wall.
Sigmund hits you from afar with a +0 scythe.
The gnoll hits you but does no damage. The shadow imp gestures at you.
You struggle to resist.
The gnoll hits you from afar with a +0 spear.
The gnoll completely misses you.
The gnoll hits you from afar with a +0 spear.
* * * LOW HITPOINT WARNING * * *
It was a potion of lignification.
You turn into a tree.
Your +0 chain mail melds into your body.
Your roots penetrate the ground.
The gnoll hits you but does no damage. x2
Sigmund barely misses you.
It was a potion of resistance.
You feel protected.
The gnoll hits you but does no damage. x2; The shadow imp hits you.
* * * LOW HITPOINT WARNING * * *
The gnoll hits you but does no damage.
Okay, then.
It was a potion of invisibility.
You fade into invisibility!
You feel less confused.
Sigmund hits you from afar with a +0 scythe.
* * * LOW HITPOINT WARNING * * *
You block the shadow imp's attack.
The gnoll hits you from afar with a +0 halberd.
* * * LOW HITPOINT WARNING * * *
The gnoll hits you from afar with a +0 spear.
* * * LOW HITPOINT WARNING * * *
The gnoll hits you from afar with a +0 spear.
* * * LOW HITPOINT WARNING * * *
It was a potion of flight.
Your roots keep you in place.
The shadow imp hits you but does no damage.
The gnoll hits you but does no damage.
The gnoll hits you from afar with a +0 spear.
You die...

...................#
........>..........#
+#.....#...........#
#.#....'...........#
...#...#.........#
..#+...+.........#
..+#...#<.....gg@+
.......'....##g.5#
+#.....#.#<.....♣#
#...........#....#
###..............#
#...........####
#.............
.....#..........
...#+#............
... .#........##.
### ......


You could see Sigmund (unable to see you), 3 gnolls and a shadow imp (unable to
see you).

Vanquished Creatures
  A phantom (D:5)
  2 scorpions
  5 wights
  A hound (D:4)
  An orc priest (D:4)
  2 iguanas (D:4)
  Terence (D:3)
  7 orc wizards
  7 adders
  2 gnolls (D:4)
  A worm (D:2)
  3 dart slugs (D:1)
  5 orcs
  4 bats
  8 endoplasms
  3 giant cockroaches
  7 goblins
  7 hobgoblins
  7 jackals
  6 quokkas
  10 ball pythons
  3 frilled lizards
  6 kobolds
  5 rats
104 creatures vanquished.

Notes
Turn   | Place    | Note
-------+----------+-------------------------------------------
     0 | D:1      | dolemite99 the Gargoyle Fighter began the quest for the
                  | Orb.
     0 | D:1      | Reached XP level 1. HP: 14/14 MP: 1/1
   153 | D:1      | Reached XP level 2. HP: 19/19 MP: 2/2
   184 | D:1      | Found a faded altar of an unknown god.
   213 | D:1      | Reached skill level 3 in Maces & Flails
   383 | D:1      | Reached XP level 3. HP: 23/23 MP: 3/3
   791 | D:2      | Reached skill level 4 in Maces & Flails
   897 | D:2      | Reached XP level 4. HP: 28/28 MP: 4/4
  1531 | D:3      | Reached skill level 5 in Maces & Flails
  1531 | D:3      | Reached XP level 5. HP: 28/32 MP: 5/5
  1674 | D:3      | Found a white marble altar of Elyvilon.
  1925 | D:3      | Noticed Terence
  1934 | D:3      | Killed Terence
  2312 | D:4      | Reached skill level 6 in Maces & Flails
  2326 | D:4      | Reached XP level 6. HP: 27/37 MP: 6/6
  2802 | D:4      | Reached skill level 7 in Maces & Flails
  2845 | D:4      | Reached XP level 7. HP: 21/41 MP: 7/7
  3052 | D:4      | Found a snail-covered altar of Cheibriados.
  3116 | D:4      | Reached skill level 8 in Maces & Flails
  3880 | D:5      | Entered Level 5 of the Dungeon
  3894 | D:5      | Reached skill level 9 in Maces & Flails
  3894 | D:5      | Reached XP level 8. HP: 40/46 MP: 8/8
  3964 | D:5      | Noticed Sigmund
  4765 | D:5      | Slain by a gnoll

Illustrated notes

Levels and vault maps discovered:
D:1:      minmay_arrival_widening_spiral_narrow, layout_rooms,
          hellmonk_ecumenical_altar_pennies_from_heaven,
          kennysheep_another_room, hangedman_abyss_or_decor_lesser_grid
D:2:      layout_loops_cross
D:3:      layout_loops_ring, elyvilon_altar_3, uniq_crazy_yiuf_cottage,
          uniq_terence
D:4:      layout_basic, mainiacjoe_overflow_concentric_impassable,
          minmay_a_box_with_orc_wizards_in_it
D:5:      layout_basic, nicolae_qazlal_style_of_elements,
          overflow_temple_1_default, minmay_statues_item, uniq_sigmund

Skill      XL: |  1  2  3  4  5  6  7 |
---------------+----------------------+-----
Maces & Flails | 3 4 5 6 7 9 |  9.3
Fighting       | |  3.2
Armour         | |  3.2
Shields        | |  3.2

Action                     |  1- 3 |  4- 6 |  7- 9 || total
---------------------------+-------+-------+-------++-------
  Melee: Flail             |   107 |    75 |       ||   182
         Morningstar       |       |    50 |    72 ||   122
         War axe           |       |       |    17 ||    17
  Throw: Javelin           |       |       |    10 ||    10
    Use: Potion            |       |     1 |     8 ||     9
         Scroll            |       |       |     2 ||     2
 Armour: Scale mail        |    77 |    45 |       ||   122
         Chain mail        |       |    18 |    68 ||    86
         Skin              |       |       |     7 ||     7
  Dodge: Dodged            |    75 |    48 |    42 ||   165
  Block: Buckler           |    22 |    24 |    23 ||    69

Table legend: (Time is in decaauts)
 A = Elapsed time spent in this place.
 B = Non-inter-level travel time spent in this place.
 C = Inter-level travel time spent in this place.
 D = Time resting spent in this place.
 E = Time spent auto-exploring this place.
 F = Levels seen in this place.
 G = Mean time per level.
                   A        B        C        D        E       F      G
               +--------+--------+--------+--------+--------+-----+--------+
         Total |   4845 |   4618 |    227 |   1316 |   2213 |   5 |  969.0 |
       Dungeon |   4845 |   4618 |    227 |   1316 |   2213 |   5 |  969.0 |
               +--------+--------+--------+--------+--------+-----+--------+

Top non-repeatable levels by time:
     D:4: 2093 daAuts
     D:3: 1180 daAuts
     D:2: 719 daAuts
     D:1: 716 daAuts
     D:5: 136 daAuts
